Avalanche vs Blues

Created - October 12, 2016 at 17:57

Goals
1 2 3 T
Avalanche 2 2 0 4
Blues 1 0 1 2
Shots
1 2 3 T
Avalanche 8 15 8 31
Blues 17 7 16 40

1st period

1. Blues , Jussi Jokinen 1 (Matt Carle) at 12:02
2. Avalanche , Jeff Skinner 1 (Paul Stastny, Tyson Barrie) at 12:20
3. Avalanche , Derek Stepan 1 (Mats Zuccarello, Jaccob Slavin) at 13:40

Penalties :
Kevin Bieksa (COL) for Tripping (Minor) at 4:14, Kevin Shattenkirk (COL) for Hooking (Minor) at 8:24, Chris Wideman (STL) for Interference (Minor) at 17:01

2nd period

4. Avalanche , Blake Comeau 1 (Jesper Fast, Kevin Bieksa) at 2:07
5. Avalanche , Max Domi 1 (Derek Stepan, Sami Vatanen) at 15:12 (PP)

Penalties :
Michael Raffl (STL) for Hooking (Minor) at 4:50, Sami Vatanen (COL) for Holding (Minor) at 4:50, Cal Clutterbuck (STL) for Hooking (Minor) at 7:41, Shea Theodore (COL) for Cross-checking (Minor) at 11:11, Jiri Hudler (STL) for Hooking (Minor) at 12:37, Jiri Hudler (STL) for Hooking (Minor) at 14:52

3rd period

6. Blues , Jiri Hudler 1 (Jussi Jokinen, Jakub Kindl) at 7:50 (PP)

Penalties :
Barret Jackman (STL) for High sticking (Minor) at 3:48, Sami Vatanen (COL) for Hooking (Minor) at 6:34, Chris Wideman (STL) for Hooking (Minor) at 12:36, Kevin Bieksa (COL) for Holding (Minor) at 14:44

Goalie Stats

Jake Allen (COL), 38 saves from 40 shots - (0.950), W, 1-0-0, 60:00 minutes
Antti Niemi (STL), 27 saves from 31 shots - (0.871), L, 0-1-0, 60:00 minutes

Players Stats for Avalanche

Player Name              G  A  P  +/- PIM S  H  SB GA TA FO     MP     PP MP  PK MP  
------------------------------------------------------------------------------------
Anthony Duclair          0  0  0   0  0   1  0  0  0  0  0/1    16:26   0:00   2:00 
Blake Comeau             1  0  1   1  0   2  1  0  0  0  1/1     6:34   0:00   2:59 
Chris Tierney            0  0  0   1  0   0  0  0  0  0  1/2     3:20   0:00   0:00 
Derek Stepan             1  1  2   0  0   4  0  1  0  0  18/24  21:29   4:31   2:33 
Dylan Larkin             0  0  0   0  0   5  1  1  0  0  4/15   16:52   4:59   0:00 
Jaccob Slavin            0  1  1   1  0   0  0  2  0  0  0/0    21:14   0:00   5:01 
Jeff Skinner             1  0  1   1  0   3  0  0  0  0  0/2    11:58   0:12   0:00 
Jesper Fast              0  1  1   1  0   1  1  0  0  0  0/0    13:01   4:43   4:58 
Joffrey Lupul            0  0  0   1  0   2  1  0  0  0  1/1    11:01   0:00   0:05 
Kevin Bieksa             0  1  1   2  4   0  3  5  0  0  0/0    17:42   0:00   1:52 
Kevin Shattenkirk        0  0  0   1  2   0  0  2  0  0  0/0    20:24   4:26   3:12 
Mats Zuccarello          0  1  1   0  0   3  0  0  0  0  0/0    19:10   4:59   0:00 
Max Domi                 1  0  1   0  0   3  0  0  0  0  0/0    15:37   4:43   0:00 
Paul Stastny             0  1  1   1  0   3  1  1  0  0  16/37  22:41   4:59   4:43 
Reid Boucher             0  0  0   0  0   0  1  0  0  0  0/1    10:40   0:00   0:00 
Sami Vatanen             0  1  1  -1  4   1  1  2  0  0  0/0    20:53   5:16   2:35 
Shea Theodore            0  0  0  -1  2   2  0  1  0  0  0/0    18:32   4:26   0:33 
Tyson Barrie             0  1  1   2  0   1  0  0  0  0  0/0    21:09   5:16   4:05 

Players Stats for Blues

Player Name              G  A  P  +/- PIM S  H  SB GA TA FO     MP     PP MP  PK MP  
------------------------------------------------------------------------------------
Adam Cracknell           0  0  0   0  0   0  0  0  0  0  0/0     5:35   0:00   0:00 
Barret Jackman           0  0  0   0  2   0  3  0  0  0  0/0    14:49   0:46   0:03 
Cal Clutterbuck          0  0  0   0  2   4  3  0  0  0  0/0    11:26   0:00   0:00 
Chris Wideman            0  0  0  -2  4   1  1  2  0  0  0/0    17:49   1:11   2:37 
Clarke MacArthur         0  0  0   0  0   1  0  0  0  0  0/2    11:27   0:00   0:00 
Jakub Kindl              0  1  1   0  0   2  1  1  0  0  0/0    18:15   4:02   0:23 
Jay McClement            0  0  0   0  0   2  0  0  0  0  3/8    11:40   0:00   5:12 
Jiri Hudler              1  0  1   0  4   4  0  0  0  0  1/1    14:56   4:02   0:00 
Johnny Boychuk           0  0  0   0  0   3  0  4  0  0  0/0    23:43   4:02   6:06 
Jussi Jokinen            1  1  2   0  0   7  0  2  0  0  11/15  20:32   4:03   4:30 
Marian Hossa             0  0  0  -2  0   6  0  0  0  0  3/4    22:37   4:36   5:12 
Matt Carle               0  1  1   0  0   1  0  0  0  0  0/0    23:05   4:04   5:26 
Matt Irwin               0  0  0  -2  0   0  0  4  0  0  0/0    22:05   3:13   4:49 
Michael Raffl            0  0  0   0  2   2  2  0  0  0  0/1    14:57   4:03   0:00 
Mike Fisher              0  0  0  -2  0   2  1  0  0  0  12/24  15:57   4:36   0:00 
Nick Cousins             0  0  0   0  0   2  0  0  0  0  7/17   11:27   0:00   0:00 
Rick Nash                0  0  0  -2  0   3  2  0  0  0  6/12   21:55   4:36   4:30 
Rob Klinkhammer          0  0  0   0  0   0  1  0  0  0  0/0     5:24   0:00   0:00 

3 Stars

1 - Jussi Jokinen (STL)
2 - Derek Stepan (COL)
3 - Jake Allen (COL)

Power Play

Avalanche - 1 on 6 Attempt(s) - 16.67%
Blues - 1 on 5 Attempt(s) - 20.00%

Penalty Kill

Avalanche - 4 on 5 Attempt(s) - 80.00% - Score 0 goal in Penalty Kill
Blues - 5 on 6 Attempt(s) - 83.33% - Score 0 goal in Penalty Kill

Team Stat

Avalanche - Hits : 10 - Faceoff Wins : 41 - Blocked Shots : 15 - Penalty Minutes : 12
Blues - Hits : 14 - Faceoff Wins : 43 - Blocked Shots : 13 - Penalty Minutes : 14

Official

Referees : Tom Kowal and Kyle Rehman
Linesman : Ryan Gibbons and Tim Nowak

Game Notes

No Game Note

Finance

Level 1 -- Attendance: 5995 (92.23%) -- Ticket Income $605,495
Level 2 -- Attendance: 4176 (83.52%) -- Ticket Income $354,960
Level 3 -- Attendance: 3074 (87.83%) -- Ticket Income $184,440
Level 4 -- Attendance: 2678 (85.02%) -- Ticket Income $120,510
Luxury Box -- Attendance: 997 (99.70%) -- Ticket Income $199,400
Game was played at the Scottrade Center.
Total Attendance: 16920 (88.36%)
Total Ticket Income: $1,464,805
Other Income: $219,721
Total Income: $1,684,526

% Time on Ice - Avalanche

Lines # - Real PCT - Wanted PCT - Time Play
Normal Forward
1 - 36% - 35% - 14:11
2 - 28% - 30% - 10:56
3 - 27% - 25% - 10:40
4 - 9% - 10% - 3:20
Normal Defense
1 - 33% - 32% - 13:00
2 - 29% - 30% - 11:18
3 - 29% - 28% - 11:23
4 - 9% - 10% - 3:26
PP Forward
1 - 51% - 60% - 4:59
2 - 49% - 40% - 4:43
PP Defense
1 - 54% - 60% - 5:16
2 - 46% - 40% - 4:26
PK Forward
1 - 73% - 60% - 6:18
2 - 27% - 40% - 2:21
PK Defense
1 - 45% - 60% - 3:51
2 - 55% - 40% - 4:48
PK3 Forward
1 - 0% - 60%
2 - 0% - 40%
PK3 Defense
1 - 0% - 60%
2 - 0% - 40%
44 Forward
1 - 91% - 60% - 2:18
2 - 9% - 40% - 0:14
44 Defense
1 - 41% - 60% - 1:03
2 - 59% - 40% - 1:29
Last Minute Offensive  - 0:00
Last Minute Defensive  - 0:00
Total
Forward - 60:00
Defense - 60:00

% Time on Ice - Blues

Lines # - Real PCT - Wanted PCT - Time Play
Normal Forward
1 - 29% - 32% - 11:21
2 - 28% - 29% - 10:55
3 - 29% - 26% - 11:27
4 - 14% - 13% - 5:24
Normal Defense
1 - 32% - 35% - 12:32
2 - 32% - 33% - 12:34
3 - 36% - 32% - 14:01
4 - 0% - 0% - 0:00
PP Forward
1 - 53% - 51% - 4:36
2 - 47% - 49% - 4:03
PP Defense
1 - 54% - 62% - 4:40
2 - 46% - 38% - 3:59
PK Forward
1 - 54% - 50% - 5:12
2 - 46% - 50% - 4:30
PK Defense
1 - 46% - 51% - 4:30
2 - 54% - 49% - 5:12
PK3 Forward
1 - 0% - 51%
2 - 0% - 49%
PK3 Defense
1 - 0% - 51%
2 - 0% - 49%
44 Forward
1 - 58% - 51% - 1:28
2 - 42% - 49% - 1:04
44 Defense
1 - 41% - 51% - 1:03
2 - 59% - 49% - 1:29
Last Minute Offensive  - 0:00
Last Minute Defensive  - 0:00
Total
Forward - 60:00
Defense - 60:00

Play by Play

1st period


0:01 of 1st period - Derek Stepan wins face-off versus Mike Fisher in neutral zone.
0:21 of 1st period - Shot by Anthony Duclair.
0:21 of 1st period - Stopped by Antti Niemi with a rebound.
0:29 of 1st period - Shot by Marian Hossa.
0:29 of 1st period - Deflect By Mike Fisher.
0:29 of 1st period - Stopped by Jake Allen without a rebound.
0:30 of 1st period - Jussi Jokinen wins face-off versus Jeff Skinner in Avalanche zone.
0:35 of 1st period - Shot by Jiri Hudler.
0:35 of 1st period - Stopped by Jake Allen with a rebound.
0:42 of 1st period - Shot by Michael Raffl.
0:42 of 1st period - Deflect By Jiri Hudler.
0:42 of 1st period - Shot Misses the Net.
0:44 of 1st period - Shot by Michael Raffl.
0:44 of 1st period - Shot Misses the Net.
0:46 of 1st period - Shot by Chris Wideman.
0:46 of 1st period - Stopped by Jake Allen without a rebound.
0:47 of 1st period - Nick Cousins wins face-off versus Dylan Larkin in Avalanche zone.
1:16 of 1st period - Shot by Dylan Larkin.
1:16 of 1st period - Stopped by Antti Niemi without a rebound.
1:17 of 1st period - Jay McClement wins face-off versus Chris Tierney in Blues zone.
1:17 of 1st period - Jay McClement is hit by Jesper Fast.
2:16 of 1st period - Chris Wideman is hit by Joffrey Lupul and loses puck.
2:35 of 1st period - Shot by Jeff Skinner.
2:35 of 1st period - Shot Blocked by Matt Irwin.
3:22 of 1st period - Michael Raffl is hit by Paul Stastny and loses puck.
4:07 of 1st period - Mike Fisher is hit by Kevin Bieksa.
4:14 of 1st period - Minor Penalty to Kevin Bieksa for Tripping.
4:15 of 1st period - Derek Stepan wins face-off versus Mike Fisher in Avalanche zone.
4:15 of 1st period - Derek Stepan is hit by Rick Nash.
4:26 of 1st period - Icing by Marian Hossa.
4:27 of 1st period - Paul Stastny wins face-off versus Mike Fisher in Blues zone.
5:34 of 1st period - Shot by Jiri Hudler.
5:34 of 1st period - Shot Misses the Net.
5:36 of 1st period - Shot by Jakub Kindl.
5:36 of 1st period - Shot Misses the Net.
5:53 of 1st period - Icing by Johnny Boychuk.
5:54 of 1st period - Mike Fisher wins face-off versus Paul Stastny in Blues zone.
6:27 of 1st period - Shot by Clarke MacArthur.
6:27 of 1st period - Shot Blocked by Kevin Bieksa.
6:35 of 1st period - Shot by Clarke MacArthur.
6:35 of 1st period - Shot Misses the Net.
6:37 of 1st period - Shot by Jakub Kindl.
6:37 of 1st period - Shot Blocked by Kevin Bieksa.
7:49 of 1st period - Shot by Jiri Hudler.
7:49 of 1st period - Shot Misses the Net.
8:24 of 1st period - Minor Penalty to Kevin Shattenkirk for Hooking.
8:25 of 1st period - Mike Fisher wins face-off versus Paul Stastny in Avalanche zone.
8:34 of 1st period - Shot by Mike Fisher.
8:34 of 1st period - Shot Misses the Net.
8:36 of 1st period - Shot by Marian Hossa.
8:36 of 1st period - Stopped by Jake Allen with a rebound.
8:38 of 1st period - Shot by Marian Hossa.
8:38 of 1st period - Shot Misses the Net.
10:25 of 1st period - Shot by Jiri Hudler.
10:25 of 1st period - Shot Blocked by Kevin Shattenkirk.
10:34 of 1st period - Icing by Kevin Shattenkirk.
10:35 of 1st period - Dylan Larkin wins face-off versus Nick Cousins in Avalanche zone.
10:54 of 1st period - Shot by Dylan Larkin.
10:54 of 1st period - Shot Misses the Net.
11:58 of 1st period - Shot by Jussi Jokinen.
11:58 of 1st period - Shot Misses the Net.
12:00 of 1st period - Shot by Jussi Jokinen.
12:00 of 1st period - Shot Misses the Net.
12:02 of 1st period - Shot by Jussi Jokinen.
12:02 of 1st period - Goal by Jussi Jokinen - Avalanche : 0 - Blues : 1.
12:03 of 1st period - Paul Stastny wins face-off versus Mike Fisher in neutral zone.
12:14 of 1st period - Shot by Paul Stastny.
12:14 of 1st period - Shot Misses the Net.
12:16 of 1st period - Shot by Tyson Barrie.
12:16 of 1st period - Shot Misses the Net.
12:18 of 1st period - Shot by Paul Stastny.
12:18 of 1st period - Shot Misses the Net.
12:20 of 1st period - Shot by Jeff Skinner.
12:20 of 1st period - Goal by Jeff Skinner - Avalanche : 1 - Blues : 1.
12:21 of 1st period - Jussi Jokinen wins face-off versus Dylan Larkin in neutral zone.
12:30 of 1st period - Shot by Jussi Jokinen.
12:30 of 1st period - Stopped by Jake Allen with a rebound.
13:40 of 1st period - Shot by Derek Stepan.
13:40 of 1st period - Goal by Derek Stepan - Avalanche : 2 - Blues : 1.
13:41 of 1st period - Jay McClement wins face-off versus Paul Stastny in neutral zone.
13:46 of 1st period - Icing by Shea Theodore.
13:47 of 1st period - Mike Fisher wins face-off versus Paul Stastny in Avalanche zone.
14:12 of 1st period - Shot by Paul Stastny.
14:12 of 1st period - Deflect By Joffrey Lupul.
14:12 of 1st period - Stopped by Antti Niemi without a rebound.
14:13 of 1st period - Nick Cousins wins face-off versus Anthony Duclair in Blues zone.
14:23 of 1st period - Shot by Nick Cousins.
14:23 of 1st period - Shot Misses the Net.
14:33 of 1st period - Shot by Cal Clutterbuck.
14:33 of 1st period - Deflect By Nick Cousins.
14:33 of 1st period - Stopped by Jake Allen without a rebound.
14:34 of 1st period - Mike Fisher wins face-off versus Paul Stastny in Avalanche zone.
14:37 of 1st period - Shot by Marian Hossa.
14:37 of 1st period - Stopped by Jake Allen with a rebound.
14:39 of 1st period - Shot by Rick Nash.
14:39 of 1st period - Shot Misses the Net.
14:41 of 1st period - Shot by Mike Fisher.
14:41 of 1st period - Shot Blocked by Sami Vatanen.
14:43 of 1st period - Shot by Rick Nash.
14:43 of 1st period - Stopped by Jake Allen without a rebound.
14:44 of 1st period - Derek Stepan wins face-off versus Mike Fisher in Avalanche zone.
14:53 of 1st period - Shot by Marian Hossa.
14:53 of 1st period - Shot Blocked by Kevin Shattenkirk.
14:55 of 1st period - Shot by Mike Fisher.
14:55 of 1st period - Shot Misses the Net.
15:05 of 1st period - Shot by Marian Hossa.
15:05 of 1st period - Shot Misses the Net.
15:21 of 1st period - Shot by Marian Hossa.
15:21 of 1st period - Stopped by Jake Allen with a rebound.
15:23 of 1st period - Shot by Matt Carle.
15:23 of 1st period - Stopped by Jake Allen with a rebound.
15:25 of 1st period - Shot by Rick Nash.
15:25 of 1st period - Deflect By Marian Hossa.
15:25 of 1st period - Stopped by Jake Allen without a rebound.
15:26 of 1st period - Jussi Jokinen wins face-off versus Dylan Larkin in Avalanche zone.
15:41 of 1st period - Shot by Dylan Larkin.
15:41 of 1st period - Stopped by Antti Niemi with a rebound.
15:47 of 1st period - Shot by Michael Raffl.
15:47 of 1st period - Shot Misses the Net.
15:49 of 1st period - Shot by Jussi Jokinen.
15:49 of 1st period - Shot Misses the Net.
15:51 of 1st period - Shot by Barret Jackman.
15:51 of 1st period - Shot Blocked by Kevin Bieksa.
15:53 of 1st period - Shot by Jakub Kindl.
15:53 of 1st period - Shot Blocked by Kevin Bieksa.
15:59 of 1st period - Shot by Jussi Jokinen.
15:59 of 1st period - Stopped by Jake Allen without a rebound.
16:00 of 1st period - Nick Cousins wins face-off versus Paul Stastny in Avalanche zone.
16:01 of 1st period - Shot by Clarke MacArthur.
16:01 of 1st period - Stopped by Jake Allen without a rebound.
16:02 of 1st period - Derek Stepan wins face-off versus Mike Fisher in Avalanche zone.
16:02 of 1st period - Derek Stepan is hit by Mike Fisher.
16:40 of 1st period - Shot by Rick Nash.
16:40 of 1st period - Stopped by Jake Allen without a rebound.
16:41 of 1st period - Nick Cousins wins face-off versus Paul Stastny in Avalanche zone.
16:52 of 1st period - Shot by Joffrey Lupul.
16:52 of 1st period - Shot Misses the Net.
17:00 of 1st period - Shot by Paul Stastny.
17:00 of 1st period - Shot Blocked by Chris Wideman.
17:01 of 1st period - Minor Penalty to Chris Wideman for Interference.
17:02 of 1st period - Derek Stepan wins face-off versus Jay McClement in Blues zone.
18:03 of 1st period - Shot by Dylan Larkin.
18:03 of 1st period - Stopped by Antti Niemi with a rebound.
18:28 of 1st period - Icing by Dylan Larkin.
18:29 of 1st period - Marian Hossa wins face-off versus Paul Stastny in Avalanche zone.
18:30 of 1st period - Shot by Jay McClement.
18:30 of 1st period - Stopped by Jake Allen with a rebound.
18:32 of 1st period - Shot by Marian Hossa.
18:32 of 1st period - Deflect By Jay McClement.
18:32 of 1st period - Stopped by Jake Allen without a rebound.
18:33 of 1st period - Marian Hossa wins face-off versus Derek Stepan in Avalanche zone.
18:56 of 1st period - Shot by Jesper Fast.
18:56 of 1st period - Shot Blocked by Matt Irwin.
19:28 of 1st period - Shot by Joffrey Lupul.
19:28 of 1st period - Shot Misses the Net.
19:30 of 1st period - Shot by Paul Stastny.
19:30 of 1st period - Stopped by Antti Niemi without a rebound.
19:31 of 1st period - Jussi Jokinen wins face-off versus Reid Boucher in Blues zone.
19:31 of 1st period - Jussi Jokinen is hit by Dylan Larkin.
19:34 of 1st period - Jiri Hudler is hit by Reid Boucher and loses puck.
19:42 of 1st period - Off-side.
19:43 of 1st period - Derek Stepan wins face-off versus Marian Hossa in neutral zone.
Goals for this period are 2 for Avalanche vs 1 for Blues.
Shots for this period are 8 for Avalanche vs 17 for Blues.

2nd period


0:01 of 2nd period - Derek Stepan wins face-off versus Mike Fisher in neutral zone.
1:09 of 2nd period - Marian Hossa is hit by Kevin Bieksa and loses puck.
1:17 of 2nd period - Icing by Paul Stastny.
1:18 of 2nd period - Paul Stastny wins face-off versus Jussi Jokinen in Avalanche zone.
1:18 of 2nd period - Paul Stastny is hit by Michael Raffl.
1:36 of 2nd period - Shot by Paul Stastny.
1:36 of 2nd period - Stopped by Antti Niemi without a rebound.
1:37 of 2nd period - Nick Cousins wins face-off versus Dylan Larkin in Blues zone.
1:46 of 2nd period - Shot by Clarke MacArthur.
1:46 of 2nd period - Shot Blocked by Jaccob Slavin.
1:48 of 2nd period - Shot by Cal Clutterbuck.
1:48 of 2nd period - Shot Blocked by Jaccob Slavin.
1:50 of 2nd period - Shot by Cal Clutterbuck.
1:50 of 2nd period - Stopped by Jake Allen without a rebound.
1:51 of 2nd period - Chris Tierney wins face-off versus Jussi Jokinen in Avalanche zone.
1:51 of 2nd period - Chris Tierney is hit by Michael Raffl.
1:59 of 2nd period - Shot by Blake Comeau.
1:59 of 2nd period - Shot Blocked by Jussi Jokinen.
2:01 of 2nd period - Shot by Blake Comeau.
2:01 of 2nd period - Deflect By Chris Tierney.
2:01 of 2nd period - Shot Misses the Net.
2:03 of 2nd period - Shot by Kevin Bieksa.
2:03 of 2nd period - Shot Misses the Net.
2:05 of 2nd period - Shot by Jesper Fast.
2:05 of 2nd period - Shot Blocked by Johnny Boychuk.
2:07 of 2nd period - Shot by Jesper Fast.
2:07 of 2nd period - Deflect By Blake Comeau.
2:07 of 2nd period - Goal by Blake Comeau - Avalanche : 3 - Blues : 1.
2:08 of 2nd period - Derek Stepan wins face-off versus Nick Cousins in neutral zone.
2:08 of 2nd period - Jaccob Slavin is hit by Cal Clutterbuck and loses puck.
2:30 of 2nd period - Shot by Derek Stepan.
2:30 of 2nd period - Shot Misses the Net.
3:23 of 2nd period - Shot by Max Domi.
3:23 of 2nd period - Stopped by Antti Niemi without a rebound.
3:24 of 2nd period - Paul Stastny wins face-off versus Mike Fisher in Blues zone.
3:25 of 2nd period - Shot by Jeff Skinner.
3:25 of 2nd period - Stopped by Antti Niemi without a rebound.
3:26 of 2nd period - Paul Stastny wins face-off versus Mike Fisher in Blues zone.
3:31 of 2nd period - Shot by Paul Stastny.
3:31 of 2nd period - Stopped by Antti Niemi without a rebound.
3:32 of 2nd period - Dylan Larkin wins face-off versus Mike Fisher in Blues zone.
3:47 of 2nd period - Shot by Marian Hossa.
3:47 of 2nd period - Shot Misses the Net.
3:57 of 2nd period - Shot by Mike Fisher.
3:57 of 2nd period - Shot Misses the Net.
4:01 of 2nd period - Shot by Rick Nash.
4:01 of 2nd period - Shot Blocked by Dylan Larkin.
4:34 of 2nd period - Shot by Jiri Hudler.
4:34 of 2nd period - Deflect By Jussi Jokinen.
4:34 of 2nd period - Stopped by Jake Allen with a rebound.
4:36 of 2nd period - Shot by Jussi Jokinen.
4:36 of 2nd period - Shot Misses the Net.
4:38 of 2nd period - Shot by Jiri Hudler.
4:38 of 2nd period - Shot Misses the Net.
4:40 of 2nd period - Shot by Jussi Jokinen.
4:40 of 2nd period - Shot Misses the Net.
4:42 of 2nd period - Shot by Michael Raffl.
4:42 of 2nd period - Shot Misses the Net.
4:50 of 2nd period - Shot by Jussi Jokinen.
4:50 of 2nd period - Stopped by Jake Allen without a rebound.
4:50 of 2nd period - Minor Penalty to Michael Raffl for Hooking.
4:50 of 2nd period - Minor Penalty to Sami Vatanen for Holding.
4:51 of 2nd period - Jussi Jokinen wins face-off versus Jeff Skinner in Avalanche zone.
4:58 of 2nd period - Shot by Jay McClement.
4:58 of 2nd period - Shot Misses the Net.
5:55 of 2nd period - Off-side.
5:56 of 2nd period - Paul Stastny wins face-off versus Rick Nash in neutral zone.
6:05 of 2nd period - Icing by Johnny Boychuk.
6:06 of 2nd period - Rick Nash wins face-off versus Paul Stastny in Blues zone.
6:23 of 2nd period - Shot by Dylan Larkin.
6:23 of 2nd period - Shot Misses the Net.
6:25 of 2nd period - Shot by Shea Theodore.
6:25 of 2nd period - Stopped by Antti Niemi with a rebound.
6:27 of 2nd period - Shot by Kevin Bieksa.
6:27 of 2nd period - Shot Misses the Net.
6:53 of 2nd period - Icing by Clarke MacArthur.
6:54 of 2nd period - Derek Stepan wins face-off versus Nick Cousins in Blues zone.
6:54 of 2nd period - Derek Stepan is hit by Jakub Kindl.
7:20 of 2nd period - Shot by Nick Cousins.
7:20 of 2nd period - Shot Misses the Net.
7:22 of 2nd period - Shot by Cal Clutterbuck.
7:22 of 2nd period - Shot Misses the Net.
7:24 of 2nd period - Shot by Cal Clutterbuck.
7:24 of 2nd period - Shot Misses the Net.
7:41 of 2nd period - Minor Penalty to Cal Clutterbuck for Hooking.
7:42 of 2nd period - Derek Stepan wins face-off versus Rick Nash in Blues zone.
7:45 of 2nd period - Shot by Max Domi.
7:45 of 2nd period - Shot Blocked by Matt Irwin.
7:47 of 2nd period - Shot by Jesper Fast.
7:47 of 2nd period - Deflect By Derek Stepan.
7:47 of 2nd period - Shot Blocked by Jussi Jokinen.
7:55 of 2nd period - Shot by Derek Stepan.
7:55 of 2nd period - Shot Blocked by Chris Wideman.
9:01 of 2nd period - Shot by Shea Theodore.
9:01 of 2nd period - Stopped by Antti Niemi with a rebound.
9:15 of 2nd period - Shot by Jeff Skinner.
9:15 of 2nd period - Deflect By Max Domi.
9:15 of 2nd period - Shot Misses the Net.
9:17 of 2nd period - Shot by Sami Vatanen.
9:17 of 2nd period - Stopped by Antti Niemi without a rebound.
9:18 of 2nd period - Jay McClement wins face-off versus Paul Stastny in Blues zone.
9:33 of 2nd period - Shot by Paul Stastny.
9:33 of 2nd period - Deflect By Dylan Larkin.
9:33 of 2nd period - Shot Blocked by Johnny Boychuk.
9:35 of 2nd period - Shot by Mats Zuccarello.
9:35 of 2nd period - Shot Misses the Net.
9:49 of 2nd period - Shot by Jakub Kindl.
9:49 of 2nd period - Stopped by Jake Allen with a rebound.
11:11 of 2nd period - Minor Penalty to Shea Theodore for Cross-checking.
11:12 of 2nd period - Paul Stastny wins face-off versus Michael Raffl in Avalanche zone.
12:12 of 2nd period - Off-side.
12:13 of 2nd period - Mike Fisher wins face-off versus Paul Stastny in neutral zone.
12:36 of 2nd period - Shot by Marian Hossa.
12:36 of 2nd period - Deflect By Mike Fisher.
12:36 of 2nd period - Stopped by Jake Allen without a rebound.
12:37 of 2nd period - Paul Stastny wins face-off versus Jussi Jokinen in Avalanche zone.
12:37 of 2nd period - Minor Penalty to Jiri Hudler for Hooking.
12:38 of 2nd period - Paul Stastny wins face-off versus Rick Nash in Blues zone.
13:06 of 2nd period - Shot by Marian Hossa.
13:06 of 2nd period - Stopped by Jake Allen without a rebound.
13:07 of 2nd period - Derek Stepan wins face-off versus Jay McClement in Avalanche zone.
13:25 of 2nd period - Shot by Sami Vatanen.
13:25 of 2nd period - Shot Blocked by Johnny Boychuk.
13:47 of 2nd period - Shot by Jesper Fast.
13:47 of 2nd period - Deflect By Derek Stepan.
13:47 of 2nd period - Stopped by Antti Niemi without a rebound.
13:48 of 2nd period - Rick Nash wins face-off versus Paul Stastny in Blues zone.
14:01 of 2nd period - Shot by Shea Theodore.
14:01 of 2nd period - Deflect By Mats Zuccarello.
14:01 of 2nd period - Shot Blocked by Johnny Boychuk.
14:39 of 2nd period - Jussi Jokinen is hit by Blake Comeau and loses puck.
14:52 of 2nd period - Minor Penalty to Jiri Hudler for Hooking.
14:53 of 2nd period - Rick Nash wins face-off versus Derek Stepan in Blues zone.
15:06 of 2nd period - Shot by Sami Vatanen.
15:06 of 2nd period - Shot Misses the Net.
15:10 of 2nd period - Shot by Max Domi.
15:10 of 2nd period - Shot Blocked by Matt Irwin.
15:12 of 2nd period - Shot by Derek Stepan.
15:12 of 2nd period - Deflect By Max Domi.
15:12 of 2nd period - Goal by Max Domi - Avalanche : 4 - Blues : 1.
15:13 of 2nd period - Derek Stepan wins face-off versus Nick Cousins in neutral zone.
16:09 of 2nd period - Max Domi is hit by Barret Jackman and loses puck.
16:14 of 2nd period - Shot by Dylan Larkin.
16:14 of 2nd period - Shot Misses the Net.
16:35 of 2nd period - Dylan Larkin is hit by Barret Jackman and loses puck.
16:47 of 2nd period - Icing by Nick Cousins.
16:48 of 2nd period - Paul Stastny wins face-off versus Nick Cousins in Blues zone.
17:12 of 2nd period - Shot by Jeff Skinner.
17:12 of 2nd period - Stopped by Antti Niemi without a rebound.
17:13 of 2nd period - Derek Stepan wins face-off versus Mike Fisher in Blues zone.
17:20 of 2nd period - Shot by Mats Zuccarello.
17:20 of 2nd period - Shot Misses the Net.
17:22 of 2nd period - Shot by Derek Stepan.
17:22 of 2nd period - Shot Misses the Net.
17:24 of 2nd period - Shot by Derek Stepan.
17:24 of 2nd period - Stopped by Antti Niemi without a rebound.
17:25 of 2nd period - Jussi Jokinen wins face-off versus Paul Stastny in Blues zone.
18:40 of 2nd period - Shot by Mats Zuccarello.
18:40 of 2nd period - Stopped by Antti Niemi without a rebound.
18:41 of 2nd period - Dylan Larkin wins face-off versus Jay McClement in Blues zone.
18:50 of 2nd period - Shot by Max Domi.
18:50 of 2nd period - Stopped by Antti Niemi with a rebound.
18:52 of 2nd period - Shot by Reid Boucher.
18:52 of 2nd period - Shot Misses the Net.
19:17 of 2nd period - Shot by Dylan Larkin.
19:17 of 2nd period - Stopped by Antti Niemi without a rebound.
19:18 of 2nd period - Mike Fisher wins face-off versus Derek Stepan in Blues zone.
19:33 of 2nd period - Icing by Kevin Bieksa.
19:34 of 2nd period - Jiri Hudler wins face-off versus Derek Stepan in Avalanche zone.
19:42 of 2nd period - Shot by Michael Raffl.
19:42 of 2nd period - Shot Misses the Net.
19:44 of 2nd period - Shot by Jiri Hudler.
19:44 of 2nd period - Shot Misses the Net.
19:46 of 2nd period - Shot by Johnny Boychuk.
19:46 of 2nd period - Stopped by Jake Allen without a rebound.
19:47 of 2nd period - Mike Fisher wins face-off versus Paul Stastny in Avalanche zone.
19:50 of 2nd period - Shot by Jakub Kindl.
19:50 of 2nd period - Shot Misses the Net.
Goals for this period are 2 for Avalanche vs 0 for Blues.
Shots for this period are 15 for Avalanche vs 7 for Blues.

3rd period


0:01 of 3rd period - Mike Fisher wins face-off versus Derek Stepan in neutral zone.
0:37 of 3rd period - Marian Hossa is hit by Kevin Bieksa and loses puck.
0:40 of 3rd period - Shot by Mike Fisher.
0:40 of 3rd period - Shot Blocked by Derek Stepan.
0:42 of 3rd period - Shot by Rick Nash.
0:42 of 3rd period - Shot Hit the Post.
1:22 of 3rd period - Shot by Michael Raffl.
1:22 of 3rd period - Stopped by Jake Allen without a rebound.
1:23 of 3rd period - Paul Stastny wins face-off versus Nick Cousins in Avalanche zone.
1:28 of 3rd period - Shot by Nick Cousins.
1:28 of 3rd period - Stopped by Jake Allen without a rebound.
1:29 of 3rd period - Nick Cousins wins face-off versus Paul Stastny in Avalanche zone.
1:36 of 3rd period - Shot by Cal Clutterbuck.
1:36 of 3rd period - Shot Misses the Net.
1:38 of 3rd period - Shot by Cal Clutterbuck.
1:38 of 3rd period - Shot Misses the Net.
1:40 of 3rd period - Shot by Barret Jackman.
1:40 of 3rd period - Shot Misses the Net.
1:42 of 3rd period - Shot by Clarke MacArthur.
1:42 of 3rd period - Shot Misses the Net.
2:05 of 3rd period - Shot by Cal Clutterbuck.
2:05 of 3rd period - Stopped by Jake Allen without a rebound.
2:06 of 3rd period - Mike Fisher wins face-off versus Dylan Larkin in Avalanche zone.
2:07 of 3rd period - Shot by Marian Hossa.
2:07 of 3rd period - Stopped by Jake Allen without a rebound.
2:08 of 3rd period - Rick Nash wins face-off versus Dylan Larkin in Avalanche zone.
2:50 of 3rd period - Shot by Dylan Larkin.
2:50 of 3rd period - Stopped by Antti Niemi without a rebound.
2:51 of 3rd period - Jussi Jokinen wins face-off versus Paul Stastny in Blues zone.
2:58 of 3rd period - Shot by Jussi Jokinen.
2:58 of 3rd period - Stopped by Jake Allen with a rebound.
3:06 of 3rd period - Shot by Jussi Jokinen.
3:06 of 3rd period - Shot Blocked by Paul Stastny.
3:08 of 3rd period - Shot by Johnny Boychuk.
3:08 of 3rd period - Stopped by Jake Allen without a rebound.
3:09 of 3rd period - Derek Stepan wins face-off versus Nick Cousins in Avalanche zone.
3:09 of 3rd period - Derek Stepan is hit by Cal Clutterbuck.
3:35 of 3rd period - Shot by Mats Zuccarello.
3:35 of 3rd period - Stopped by Antti Niemi with a rebound.
3:47 of 3rd period - Shot by Derek Stepan.
3:47 of 3rd period - Shot Blocked by Jakub Kindl.
3:48 of 3rd period - Minor Penalty to Barret Jackman for High sticking.
3:49 of 3rd period - Rick Nash wins face-off versus Paul Stastny in Blues zone.
3:58 of 3rd period - Shot by Tyson Barrie.
3:58 of 3rd period - Deflect By Mats Zuccarello.
3:58 of 3rd period - Stopped by Antti Niemi without a rebound.
3:59 of 3rd period - Derek Stepan wins face-off versus Rick Nash in Blues zone.
4:34 of 3rd period - Off-side.
4:35 of 3rd period - Paul Stastny wins face-off versus Rick Nash in neutral zone.
5:55 of 3rd period - Icing by Jakub Kindl.
5:56 of 3rd period - Blake Comeau wins face-off versus Nick Cousins in Blues zone.
5:58 of 3rd period - Jesper Fast is hit by Barret Jackman and loses puck.
6:09 of 3rd period - Shot by Blake Comeau.
6:09 of 3rd period - Stopped by Antti Niemi without a rebound.
6:10 of 3rd period - Joffrey Lupul wins face-off versus Jay McClement in Blues zone.
6:23 of 3rd period - Shot by Paul Stastny.
6:23 of 3rd period - Shot Misses the Net.
6:25 of 3rd period - Shot by Paul Stastny.
6:25 of 3rd period - Shot Hit the Post.
6:27 of 3rd period - Shot by Joffrey Lupul.
6:27 of 3rd period - Stopped by Antti Niemi without a rebound.
6:28 of 3rd period - Mike Fisher wins face-off versus Dylan Larkin in Blues zone.
6:34 of 3rd period - Minor Penalty to Sami Vatanen for Hooking.
6:35 of 3rd period - Mike Fisher wins face-off versus Paul Stastny in Avalanche zone.
7:04 of 3rd period - Shot by Rick Nash.
7:04 of 3rd period - Stopped by Jake Allen with a rebound.
7:16 of 3rd period - Shot by Johnny Boychuk.
7:16 of 3rd period - Shot Misses the Net.
7:18 of 3rd period - Shot by Matt Carle.
7:18 of 3rd period - Shot Misses the Net.
7:32 of 3rd period - Shot by Michael Raffl.
7:32 of 3rd period - Shot Misses the Net.
7:50 of 3rd period - Shot by Jiri Hudler.
7:50 of 3rd period - Goal by Jiri Hudler - Avalanche : 4 - Blues : 2.
7:51 of 3rd period - Derek Stepan wins face-off versus Nick Cousins in neutral zone.
7:51 of 3rd period - Mats Zuccarello is hit by Cal Clutterbuck and loses puck.
8:02 of 3rd period - Anthony Duclair is hit by Chris Wideman and loses puck.
8:07 of 3rd period - Shot by Mats Zuccarello.
8:07 of 3rd period - Shot Misses the Net.
8:11 of 3rd period - Shot by Derek Stepan.
8:11 of 3rd period - Stopped by Antti Niemi without a rebound.
8:12 of 3rd period - Jussi Jokinen wins face-off versus Dylan Larkin in Blues zone.
8:24 of 3rd period - Jiri Hudler is hit by Sami Vatanen and loses puck.
9:06 of 3rd period - Shot by Marian Hossa.
9:06 of 3rd period - Shot Blocked by Sami Vatanen.
9:08 of 3rd period - Shot by Johnny Boychuk.
9:08 of 3rd period - Shot Blocked by Shea Theodore.
9:10 of 3rd period - Shot by Johnny Boychuk.
9:10 of 3rd period - Stopped by Jake Allen without a rebound.
9:11 of 3rd period - Derek Stepan wins face-off versus Jay McClement in Avalanche zone.
9:36 of 3rd period - Kevin Bieksa is hit by Rob Klinkhammer and loses puck.
10:46 of 3rd period - Shot by Rick Nash.
10:46 of 3rd period - Deflect By Marian Hossa.
10:46 of 3rd period - Shot Misses the Net.
11:24 of 3rd period - Shot by Jesper Fast.
11:24 of 3rd period - Stopped by Antti Niemi without a rebound.
11:25 of 3rd period - Jussi Jokinen wins face-off versus Dylan Larkin in Blues zone.
11:32 of 3rd period - Shot by Michael Raffl.
11:32 of 3rd period - Shot Blocked by Kevin Bieksa.
11:34 of 3rd period - Shot by Jiri Hudler.
11:34 of 3rd period - Stopped by Jake Allen with a rebound.
11:36 of 3rd period - Shot by Jiri Hudler.
11:36 of 3rd period - Shot Misses the Net.
12:06 of 3rd period - Shot by Jiri Hudler.
12:06 of 3rd period - Deflect By Michael Raffl.
12:06 of 3rd period - Shot Misses the Net.
12:21 of 3rd period - Icing by Matt Irwin.
12:22 of 3rd period - Paul Stastny wins face-off versus Clarke MacArthur in Blues zone.
12:36 of 3rd period - Minor Penalty to Chris Wideman for Hooking.
12:37 of 3rd period - Marian Hossa wins face-off versus Paul Stastny in Blues zone.
13:19 of 3rd period - Icing by Paul Stastny.
13:20 of 3rd period - Paul Stastny wins face-off versus Rick Nash in Avalanche zone.
13:20 of 3rd period - Shea Theodore is hit by Rick Nash and loses puck.
13:24 of 3rd period - Icing by Kevin Shattenkirk.
13:25 of 3rd period - Rick Nash wins face-off versus Paul Stastny in Avalanche zone.
14:35 of 3rd period - Shot by Derek Stepan.
14:35 of 3rd period - Shot Misses the Net.
14:44 of 3rd period - Minor Penalty to Kevin Bieksa for Holding.
14:45 of 3rd period - Jussi Jokinen wins face-off versus Paul Stastny in Avalanche zone.
14:54 of 3rd period - Shot by Jussi Jokinen.
14:54 of 3rd period - Stopped by Jake Allen without a rebound.
14:55 of 3rd period - Paul Stastny wins face-off versus Jussi Jokinen in Avalanche zone.
15:28 of 3rd period - Shot by Jakub Kindl.
15:28 of 3rd period - Stopped by Jake Allen without a rebound.
15:29 of 3rd period - Paul Stastny wins face-off versus Mike Fisher in Avalanche zone.
15:40 of 3rd period - Shot by Rick Nash.
15:40 of 3rd period - Shot Misses the Net.
15:42 of 3rd period - Shot by Matt Carle.
15:42 of 3rd period - Shot Misses the Net.
16:31 of 3rd period - Shot by Jussi Jokinen.
16:31 of 3rd period - Shot Misses the Net.
16:49 of 3rd period - Shot by Cal Clutterbuck.
16:49 of 3rd period - Shot Misses the Net.
16:51 of 3rd period - Shot by Cal Clutterbuck.
16:51 of 3rd period - Stopped by Jake Allen without a rebound.
16:52 of 3rd period - Nick Cousins wins face-off versus Dylan Larkin in Avalanche zone.
16:53 of 3rd period - Shot by Cal Clutterbuck.
16:53 of 3rd period - Stopped by Jake Allen without a rebound.
16:54 of 3rd period - Derek Stepan wins face-off versus Nick Cousins in Avalanche zone.
17:00 of 3rd period - Icing by Derek Stepan.
17:01 of 3rd period - Jussi Jokinen wins face-off versus Derek Stepan in Avalanche zone.
17:24 of 3rd period - Shot by Jussi Jokinen.
17:24 of 3rd period - Shot Misses the Net.
17:32 of 3rd period - Shot by Jiri Hudler.
17:32 of 3rd period - Stopped by Jake Allen without a rebound.
17:33 of 3rd period - Mike Fisher wins face-off versus Dylan Larkin in Avalanche zone.
17:53 of 3rd period - Shot by Mike Fisher.
17:53 of 3rd period - Shot Misses the Net.
19:16 of 3rd period - Shot by Michael Raffl.
19:16 of 3rd period - Stopped by Jake Allen with a rebound.
19:53 of 3rd period - Shot by Tyson Barrie.
19:53 of 3rd period - Stopped by Antti Niemi without a rebound.
19:54 of 3rd period - Dylan Larkin wins face-off versus Clarke MacArthur in Blues zone.
Goals for this period are 0 for Avalanche vs 1 for Blues.
Shots for this period are 8 for Avalanche vs 16 for Blues.